 Dungeon Crawl Stone Soup version 0.31-a0-358-gac0dbeb3ab (webtiles) character file.

Game seed: 3650969715325133060

0 Shard1697 the Shield-Bearer (level 1, 0/18 HPs)
             Began as a Human Fighter on July 26, 2023.
             Succumbed to an adder's poison
             ... on level 2 of the Dungeon.
             The game lasted 00:00:24 (31 turns).

Shard1697 the Shield-Bearer (Human Fighter)           Turns: 31, Time: 00:00:24

Health: 0/18       AC:  6    Str: 16    XL:     1   Next: 0%
Magic:  1/1        EV:  8    Int:  8    God:
Gold:   0          SH:  4    Dex: 12    Spells: 0/0 levels left

rFire   . . .        a - +0 flail
rCold   . . .        c - +0 buckler
rNeg    . . .        b - +0 scale mail
rPois   .            (no helmet)
rElec   .            (no cloak)
rCorr   .            (no gloves)
SInv    .            (no boots)
Will    .....        (no amulet) Stlth
                     (no ring)
HPRegen 0.23/turn    (no ring)
MPRegen 0.07/turn

%: no passive effects
@: lethally poisoned (0 -> -8)
A: no striking features
a: no special abilities


You were on level 2 of the Dungeon.
You visited 1 branch of the dungeon, and saw 2 of its levels.

Inventory:

Hand Weapons
 a - a +0 flail (weapon)
Armour
 b - a +0 scale mail (worn)
 c - a +0 buckler (worn)
Potions
 d - a potion of might


   Skills:
 - Level 3.0 Fighting
 + Level 2.0 Maces & Flails
 - Level 3.0 Armour
 - Level 3.0 Shields


You couldn't memorise any spells.
You didn't know any spells.
Your spell library was empty.

Dungeon Overview and Level Annotations

Branches:
Dungeon (1/15)

Altars:


Message History

Press ? for a list of commands and other information.
Found a staircase leading out of the dungeon.
A sourceless malevolence fills the Dungeon...
You fall into a shaft and drop 1 floor!
The shaft crumbles and collapses.
A rat and an adder come into view.
The rat twitches its whiskers.
You barely miss the adder. The adder bites you but does no damage.
You miss the adder. The adder closely misses you.
The adder bites you but does no damage.
You miss the adder.
The adder bites you but does no damage. x2
The rat twitches its whiskers.
You closely miss the adder. The adder bites you. The adder barely misses you.
You miss the adder. The adder bites you.
You are poisoned.
The adder poisons you! The adder barely misses you.
You barely miss the adder.
You feel sick. You block the adder's attack.
You completely miss the adder.
You feel sick. The adder bites you but does no damage.
You block the adder's attack.
You sock the adder!
The adder is almost dead.
You feel sick. You block the adder's attack. The adder bites you.
You are more poisoned.
The adder poisons you!
Okay, then.
You barely miss the adder.
The adder is almost dead.
* * * LOW HITPOINT WARNING * * *
You feel sick. The adder bites you but does no damage. The adder bites you.
* * * LOW HITPOINT WARNING * * *
You miss the adder.
The adder is severely wounded.
* * * LOW HITPOINT WARNING * * *
You feel sick. The adder bites you.
* * * LOW HITPOINT WARNING * * *
You are more poisoned.
The adder poisons you! You block the adder's attack.
You thump the adder!
You kill the adder!
You die...

###............
...............
#............
#............
#.....######+
#..S..# #.....#
#.######.....#
#...@†r..#####
#.########


You could see a rat.

Vanquished Creatures
  An adder (D:2)
1 creature vanquished.

Notes
Turn   | Place    | Note
-------+----------+-------------------------------------------
     0 | D:1      | Shard1697 the Human Fighter began the quest for the Orb.
     0 | D:1      | Reached XP level 1. HP: 18/18 MP: 1/1
     2 | D:1      | You fall into a shaft and drop 1 floor!
    31 | D:2      | Succumbed to an adder's poison

Illustrated notes

Levels and vault maps discovered:
D:1:      amcnicky_arrival_single_pillar, layout_basic,
          shapermc_ecumenical_altar_venn, serial_shops, shop
D:2:      layout_basic, uniq_jessica, uniq_natasha

Action                     || total
---------------------------++-------
  Melee: Flail             ||    11
 Armour: Scale mail        ||     6
  Dodge: Dodged            ||     3
  Block: Buckler           ||     4

Table legend: (Time is in decaauts)
 A = Elapsed time spent in this place.
 B = Non-inter-level travel time spent in this place.
 C = Inter-level travel time spent in this place.
 D = Time resting spent in this place.
 E = Time spent auto-exploring this place.
 F = Levels seen in this place.
 G = Mean time per level.
                   A        B        C        D        E       F      G
               +--------+--------+--------+--------+--------+-----+--------+
         Total |     34 |     34 |      0 |      0 |      6 |   2 |   17.0 |
       Dungeon |     34 |     34 |      0 |      0 |      6 |   2 |   17.0 |
               +--------+--------+--------+--------+--------+-----+--------+

Top non-repeatable levels by time:
     D:2: 32 daAuts
     D:1: 2 daAuts
